Map: Catalyseur EC

Players

HoldTheDoor - Winner!

  • Race: Protoss Protoss
  • League: Diamond
  • Spawn Location: 5:00

OCB

  • Race: Terran Terran
  • League: Diamond
  • Spawn Location: 11:00

VOD

Have the link to the VOD?

Description

Time

  • Played on: July 14, 2018, 1:15 p.m.
  • Length: 18:17
Show
View Real Time Build Order
Export as new Build Order

HoldTheDoor Protoss - Winner!

Build Orders:  

Get SALT Encoding   

  12  0:00  Probe  
  13  0:13  Probe  
  14  0:19  Pylon  
  14  0:25  Probe  
  15  0:37  Probe  
  15  0:38  Gateway  
  16  0:44  Assimilator  
  16  0:49  Probe  
  17  0:55  Assimilator  
  17  1:01  Probe  
  18  1:13  Probe  
  18  1:14  Gateway  
  19  1:25  Probe  
  20  1:26  Cybernetics Core  
  20  1:37  Probe, Pylon  
  21  1:49  Probe  
  22  1:57  Stalker  
  22  1:58  Stalker  
  22  2:01  Probe  
  22  2:03  Warp Gate  
  27  2:12  Pylon  
  27  2:27  Stalker x2  
  31  2:35  Probe  
  32  2:45  Robotics Facility  
  32  2:47  Probe  
  33  2:57  Pylon  
  33  2:59  Probe  
  34  3:38  Probe  
  31  3:50  Immortal  
  31  3:54  Probe  
  31  3:55  Stargate  
  36  4:01  Nexus  
  36  4:04  Pylon  
  36  4:06  Probe  
  36  4:09  Stalker  
  39  4:13  Stalker  
  41  4:19  Probe  
  42  4:30  Observer  
  43  4:31  Probe  
  43  4:33  Stalker  
  43  4:38  Stalker  
  48  4:43  Probe  
  49  4:49  Shield Battery  
  49  4:55  Probe  
  49  4:59  Oracle  
  51  5:08  Probe  
  52  5:20  Probe  
  51  5:23  Probe  
  51  5:27  Phoenix  
  52  5:32  Probe  
  52  5:35  Probe  
  56  5:42  Pylon  
  56  5:44  Probe  
  56  5:47  Probe  
  56  5:49  Stalker  
  60  5:52  Stalker  
  60  5:56  Probe  
  63  5:59  Probe  
  64  6:08  Probe  
  65  6:11  Probe  
  66  6:24  Probe x2  
  68  6:35  Stalker x2  
  68  6:36  Probe  
  68  6:37  Probe  
  68  6:39  Assimilator  
  71  6:42  Assimilator  
  71  6:43  Void Ray, Pylon  
  75  6:48  Probe  
  75  6:49  Probe  
  75  6:52  Twilight Council  
  77  6:56  Forge  
  77  6:58  Forge  
  77  7:00  Probe  
  78  7:01  Probe  
  78  7:02  Pylon  
  79  7:09  Pylon  
  79  7:12  Probe  
  79  7:13  Probe  
  81  7:20  Stalker x2, Pylon  
  85  7:26  Pylon  
  85  7:35  Nexus  
  85  7:41  Pylon  
  85  7:43  Probe  
  85  7:44  Probe  
  87  7:47  Pylon  
  87  7:48  Stalker  
  87  7:49  Stalker  
  87  7:50  Protoss Ground Armor Level 1  
  91  7:54  Pylon  
  91  7:57  Void Ray  
  92  8:11  Probe  
  93  8:20  Photon Cannon  
  93  8:24  Photon Cannon  
  93  8:28  Pylon  
  93  8:30  Pylon  
  93  8:35  Shield Battery  
  93  8:37  Probe  
  93  8:38  Shield Battery, Probe  
  93  8:39  Pylon  
  95  8:47  Void Ray  
  99  8:49  Probe  
  100  9:00  Probe  
  101  9:03  Probe  
  101  9:05  Probe  
  101  9:07  Assimilator  
  103  9:11  Protoss Shields Level 1  
  103  9:12  Probe  
  103  9:14  Photon Cannon  
  103  9:16  Assimilator  
  104  9:17  Probe  
  105  9:24  Stalker x2  
  105  9:29  Blink  
  109  9:34  Templar Archives  
  109  9:36  Void Ray  
  109  9:37  Pylon  
  113  9:50  Probe x2  
  113  9:51  Probe  
  113  10:04  Protoss Ground Weapons Level 1  
  113  10:06  Stalker  
  115  10:12  Pylon  
  115  10:14  Probe, Pylon  
  115  10:15  Probe  
  117  10:21  Pylon  
  117  10:26  Protoss Air Armor Level 1  
  117  10:28  Phoenix  
  117  10:31  Stalker x2  
  117  10:33  Probe x2  
  125  10:37  Pylon  
  125  10:56  Void Ray, Photon Cannon  
  129  10:59  Photon Cannon  
  129  11:00  Pylon  
  129  11:03  Probe  
  130  11:04  Photon Cannon  
  130  11:08  Photon Cannon, Zealot x2  
  132  11:37  Protoss Ground Armor Level 2  
  132  11:42  Probe  
  132  11:43  Probe x2  
  135  11:47  Protoss Shields Level 2  
  135  11:54  Void Ray  
  135  11:58  Pylon  
  135  12:01  Immortal, Pylon  
  139  12:02  Pylon  
  139  12:04  Pylon  
  139  12:08  Photon Cannon  
  143  12:11  Photon Cannon, Fleet Beacon  
  143  12:12  Pylon  
  143  12:14  Psionic Storm  
  143  12:16  Pylon  
  143  12:20  Pylon  
  143  12:22  Protoss Air Weapons Level 1  
  143  12:23  Pylon  
  143  12:25  Stalker x2  
  147  12:35  Gateway  
  147  12:37  Gateway  
  147  12:40  Gateway  
  147  12:42  Gateway  
  147  12:49  Carrier  
  147  12:50  Gateway  
  147  12:51  Pylon  
  147  12:52  Gateway  
  147  12:53  Gateway  
  147  12:55  Zealot x2, Pylon, Gateway  
  147  12:56  Pylon  
  151  13:01  Graviton Catapult  
  151  13:02  Pylon  
  151  13:03  Charge  
  157  13:09  Pylon  
  157  13:21  Nexus  
  157  13:27  High Templar x2  
  157  13:32  Probe  
  157  13:34  Probe  
  163  13:40  Immortal  
  167  13:47  Robotics Bay  
  167  13:49  Assimilator  
  167  13:50  Pylon  
  167  13:54  Pylon  
  167  13:56  Stalker x3  
  167  13:57  Stalker  
  167  13:58  Pylon  
  175  14:08  Pylon  
  151  14:28  High Templar  
  151  14:29  High Templar x5  
  156  14:34  Archon x3  
  156  14:39  Probe x2  
  156  14:41  Protoss Ground Armor Level 3  
  156  14:42  Protoss Shields Level 3  
  158  14:48  Photon Cannon, Carrier  
  158  14:49  Photon Cannon  
  158  14:52  Photon Cannon  
  158  14:54  Assimilator  
  158  14:57  Pylon  
  158  14:58  Pylon  
  164  15:00  Pylon  
  164  15:02  Pylon  
  164  15:04  Shield Battery  
  164  15:05  Shield Battery, Warp Prism  
  166  15:07  Shield Battery  
  166  15:10  High Templar  
  168  15:14  Zealot x3  
  174  15:21  Probe  
  174  15:22  Probe  
  174  15:28  Stalker x3  
  178  15:43  Pylon  
  178  15:47  Extended Thermal Lance  
  178  15:50  Pylon  
  178  15:55  Colossus  
  184  15:57  Pylon  
  184  16:11  Nexus  
  184  16:15  Pylon  
  184  16:17  Pylon  
  184  16:23  Pylon  
  184  16:27  Pylon  
  184  16:30  Pylon  
  184  16:31  High Templar x4  
  192  16:34  Assimilator, Zealot x3  
  192  16:35  Zealot  
  192  16:37  Archon x2  
  192  16:38  Assimilator  
  200  16:41  Pylon  
  198  17:10  Photon Cannon  
  198  17:11  Photon Cannon  
  198  17:12  Photon Cannon  
  198  17:14  Shield Battery  
  198  17:15  Shield Battery  
  198  17:18  Pylon  
  198  17:20  Nexus  
  198  17:23  Assimilator, Pylon  
  198  17:25  Pylon  
  198  17:28  Pylon x2  
  198  17:32  Pylon  
  198  17:35  Pylon  
  198  17:43  Pylon  
  198  17:47  Pylon  
  198  18:02  Stalker  
Show
View Real Time Build Order
Export as new Build Order

OCB Terran 

Build Orders: Liberator Opening, MMM Bio 

Get SALT Encoding   

  12  0:02  SCV  
  13  0:14  SCV  
  14  0:23  Supply Depot  
  14  0:27  SCV  
  15  0:36  Refinery  
  15  0:44  SCV  
  16  0:52  Barracks  
  16  0:56  SCV  
  17  1:09  SCV  
  18  1:21  Refinery  
  18  1:23  SCV  
  19  1:29  Supply Depot  
  19  1:35  SCV  
  20  1:50  SCV, Marine  
  22  1:59  Factory  
  22  2:04  Orbital Command  
  22  2:08  Marine  
  23  2:24  Engineering Bay  
  23  2:27  Marine  
  24  2:32  SCV  
  24  2:35  Supply Depot  
  25  2:45  Starport, Factory Tech Lab  
  25  2:47  SCV  
  25  2:49  Marine  
  26  3:05  Siege Tank  
  26  3:09  Marine  
  28  3:14  Liberator  
  26  3:28  Marine  
  26  3:29  Supply Depot  
  30  3:35  Bunker  
  29  3:52  Barracks Tech Lab  
  29  4:02  Siege Tank  
  32  4:08  Command Center  
  32  4:11  Marauder  
  34  4:25  Starport Reactor, Missile Turret  
  34  4:28  Stimpack  
  35  4:31  SCV  
  35  4:35  Supply Depot  
  35  4:39  Marauder  
  37  4:57  Siege Tank  
  40  5:13  Viking  
  42  5:16  Marine  
  40  5:23  Supply Depot  
  40  5:31  Missile Turret  
  40  5:41  Widow Mine  
  42  5:43  Orbital Command  
  42  5:47  Medivac  
  44  5:59  Armory  
  44  6:03  Supply Depot, Liberator  
  44  6:11  SCV x2  
  46  6:18  Refinery  
  46  6:25  Widow Mine  
  51  6:26  Supply Depot  
  51  6:30  Supply Depot  
  49  6:35  SCV  
  49  6:36  SCV  
  51  6:46  Marine  
  52  6:48  SCV x2  
  52  6:53  Missile Turret  
  54  7:00  SCV, Barracks  
  56  7:01  SCV  
  56  7:10  Missile Turret  
  56  7:14  SCV  
  57  7:15  SCV  
  57  7:22  Bunker  
  58  7:26  SCV  
  61  7:30  Marauder  
  61  7:33  Widow Mine  
  63  7:42  Terran Infantry Weapons Level 1  
  63  7:45  Medivac  
  63  7:47  Medivac  
  63  7:49  Barracks Reactor  
  67  7:54  Marauder  
  69  8:05  Supply Depot  
  69  8:12  Cyclone  
  69  8:14  SCV x2  
  69  8:15  Marine  
  72  8:22  Barracks  
  72  8:24  Combat Shields  
  72  8:26  Marine  
  72  8:27  Marine  
  73  8:32  Marine, Refinery  
  75  8:40  Medivac x2  
  79  8:44  Marine  
  80  8:50  Marine  
  80  8:52  Marine  
  82  9:01  Siege Tank  
  82  9:02  Marine  
  86  9:08  Marine  
  86  9:09  Marine  
  87  9:10  SCV x2  
  87  9:12  Barracks Tech Lab  
  87  9:15  Barracks  
  90  9:20  Marine  
  91  9:24  Missile Turret  
  91  9:26  Marine  
  91  9:27  Marine  
  93  9:36  Terran Infantry Armor Level 1  
  93  9:37  Marauder  
  93  9:38  Marine  
  96  9:44  Marine  
  96  9:45  Marine  
  98  9:55  Thor, Marine  
  98  9:58  Marauder  
  97  10:02  Marine  
  97  10:03  Marine  
  95  10:07  Marine  
  95  10:09  Viking x2  
  95  10:13  Marine  
  101  10:19  Marine  
  102  10:27  Supply Depot, Marauder, Marine x2  
  106  10:31  Marine  
  106  10:34  Supply Depot  
  107  10:37  Marine  
  108  10:45  Marine x2  
  108  10:49  SCV x2, Thor  
  118  10:55  Marine x3  
  121  10:57  Supply Depot  
  121  11:02  Marine x2  
  123  11:13  Marine x3  
  118  11:20  Marine x2  
  109  11:31  Marine x3  
  110  11:38  Marine x2  
  105  11:49  Marine x3  
  108  11:56  Marine x2, Missile Turret  
  110  12:06  Marine x3  
  113  12:10  SCV x2  
  113  12:14  Supply Depot, Marine x2, Command Center  
  117  12:18  Terran Infantry Armor Level 2  
  117  12:22  SCV  
  118  12:24  Supply Depot, Marine x3  
  121  12:32  Marine x2  
  121  12:34  Missile Turret  
  121  12:36  Thor  
  129  12:42  SCV x2, Marine x3  
  134  12:49  Marine  
  135  12:53  Viking x2  
  135  12:58  Supply Depot  
  139  13:00  Terran Vehicle And Ship Armor Level 1  
  139  13:04  Marauder  
  141  13:05  Marine  
  141  13:06  Marine  
  143  13:14  Marine x2  
  145  13:23  Marine, Viking x2  
  145  13:24  Marine  
  145  13:25  Marine  
  147  13:32  Marine x2  
  147  13:33  Widow Mine  
  151  13:39  Planetary Fortress  
  151  13:41  Marine x2  
  151  13:43  Marine  
  154  13:50  Marine x2  
  154  13:52  Refinery  
  154  13:55  Widow Mine  
  158  14:00  Missile Turret  
  158  14:03  Marine x2  
  158  14:05  Medivac x2  
  164  14:16  Widow Mine  
  102  14:32  Marine  
  102  14:34  Marauder x2  
  102  14:35  Medivac x2  
  102  14:37  Marine x2, Widow Mine  
  115  14:41  SCV  
  116  14:50  Supply Depot  
  116  14:53  SCV  
  116  14:54  Terran Vehicle Weapons Level 1  
  116  14:55  Marauder  
  116  14:56  Marauder  
  116  14:59  Siege Tank  
  124  15:04  Marine x3  
  124  15:05  Starport, Medivac  
  129  15:15  Missile Turret  
  129  15:16  Marine, Liberator  
  129  15:17  Marauder  
  129  15:18  Liberator  
  132  15:22  Marine x2  
  132  15:25  Refinery  
  134  15:31  Siege Tank  
  143  15:42  Marauder x2  
  143  15:43  Marine  
  142  15:50  Starport Tech Lab  
  142  15:52  Supply Depot  
  142  15:54  Liberator  
  142  15:58  Liberator  
  142  16:01  Liberator  
  142  16:02  Supply Depot  
  142  16:03  Marauder  
  153  16:19  SCV x2  
  155  16:31  SCV  
  155  16:32  Marine  
  156  16:33  Marine x3  
  156  16:34  Marauder  
  140  16:56  Thor  
  134  17:04  Fusion Core  
  131  17:31  Command Center  
  131  17:32  Starport Tech Lab  
  131  17:41  Marauder, Marine x4  
  143  17:59  Marine x3  
Tags
 
Add a new tag
Caveats
  • Supply blocks, unpowered buildings, or Contaminate may cause inaccurate times.
  • Supply counts are checked every 10 seconds.